Unix NetHack Version 5.0.0-0 post-release - last build Jun 10 2026 00:39:30 (3ee93aec679c4c4259841fe613dc97188e26a321,branch:main).

Game began 2026-07-06 13:21:43, ended 2026-07-06 13:48:49.

DiePARTEI, neutral male human Tourist

       -------
       |......#     ----   ----
       |.....|#     |..     ..
       |....<|#     ...-----..
       |.....|###   |..|](!|..
       |.....|  #   ...|(+(|..
       -----+-  #  #|..|..(|.-
                ####...--|--.|
                  ##.........|
                   #|)-----[.----- -
                ####..|%%.-........|
                #   |.|..)|....-+---
                    |.-----.---|
                    |.....@G-..|
                    |.......|..|
                    |.{....@----
                    |.........
                    -----------

DiePARTEI the Excursionist  St:10 Dx:11 Co:17 In:13 Wi:12 Ch:16  Neutral
Dlvl:8  $:37 HP:0(61) Pw:23(23) AC:2  Xp:6 T:2874  Burdened

Latest messages:
 You see here a lamp called oil (for sale, 13 zorkmids).
 You see here a candle (for sale, 10 zorkmids).
 You see here a tan spellbook (for sale, 133 zorkmids).
 "Aloha, DiePARTEI!  Welcome again to Izchak's lighting store!"
 (For instructions type a '?')
 Call a tan spellbook: light
 (For instructions type a '?')
 Call a black potion: oil
 You drop a candle.
 Izchak offers 3 gold pieces for your candle.  Sell it? [ynaq] (n) y
 You sold a candle for 3 gold pieces.
 You hear some noises in the distance.
 You have a little trouble lifting l - a knife.
 You have trouble lifting a rusty ring mail.  Continue? [ynq] (q) y
 You have trouble lifting r - a rusty ring mail.
 You rebalance your load.  Movement is difficult.
 What do you want to drop? [$a-zA-KN-SU-Z or ?*] r
 You drop a rusty ring mail.
 Your movements are only slowed slightly by your load.
 The white unicorn appears close by!
 This door is locked.
 Unlock it with your credit card? [ynq] (q) y
 You succeed in picking the lock.
 The door opens.
 You hear some noises in the distance.
 The gnome king just misses!
 The white unicorn misses!
 The white unicorn kicks!
 The white unicorn just misses!
 The white unicorn kicks!
 In what direction? 6
 The door resists!
 The white unicorn butts!
 The white unicorn kicks!
 The white unicorn butts!
 The white unicorn kicks!
 What do you want to throw? [$alAR or ?*] J
 In what direction? 2
 The white unicorn catches the black gem.
 The white unicorn graciously accepts your gift.
 The white unicorn vanishes!
 Are you sure you want to pray? [yn] (n) y
 You begin praying to The Lady.
 The gnome king hits!
 You die...
 Do you want your possessions identified? [ynq] (y) y
 Do you want to see your attributes? [ynq] (y) y
 Do you want an account of creatures vanquished? [ynaq] (y) y
 Do you want to see your conduct and achievements? [ynq] (y) y
 Do you want to see the dungeon overview? [ynq] (y) y

Inventory:
 Coins    ('$')
  $ - 37 gold pieces
 Amulets  ('"')
  E - a cursed amulet of change
 Weapons  (')')
  A - 4 blessed +1 darts
  a - 30 +2 darts (at the ready)
  R - 14 +0 darts
  l - a +0 knife
 Armor    ('[')
  U - a blessed +2 helmet
  y - an uncursed +1 orcish helm (being worn)
  W - an uncursed +0 pair of leather gloves
  t - a cursed fireproof -1 pair of fumble boots
  B - an uncursed +0 pair of low boots
  u - an uncursed +0 pair of speed boots (being worn)
  X - an uncursed +0 small shield
  P - an uncursed +1 dwarvish cloak (being worn)
  V - an uncursed +0 elven cloak
  m - a blessed +0 Hawaiian shirt with a flamingo motif (being worn)
  z - an uncursed +0 scale mail (being worn)
 Comestibles  ('%')
  g - 2 uncursed apples
  b - 2 uncursed candy bars labeled "Choco Nummer"
  c - 4 uncursed food rations
  f - an uncursed melon
  Q - an uncursed sprig of wolfsbane
  e - an uncursed tripe ration
  d - an uncursed tin of deep fried lichen
  h - 2 uncursed eggs
 Scrolls  ('?')
  x - a blessed scroll of enchant armor
  F - an uncursed scroll of enchant weapon
  I - an uncursed scroll of identify
  N - an uncursed scroll of light
 Spellbooks  ('+')
  v - an uncursed spellbook of haste self
 Potions  ('!')
  i - an uncursed potion of confusion
 Wands    ('/')
  q - a wand of light (0:9)
  w - a wand of lightning (0:2)
 Tools    ('(')
  s - an uncursed sack named heatres containing 2 items
  G - an uncursed brass lantern
  o - an uncursed credit card
  n - an expensive camera (0:85)
  k - an uncursed tin whistle
 Gems/Stones  ('*')
  C - an uncursed diamond
  j - an uncursed jade stone
  K - an uncursed obsidian stone
  H - an uncursed topaz stone
  J - an uncursed worthless piece of black glass
  O - an uncursed worthless piece of blue glass
  D - an uncursed worthless piece of red glass
  S - 2 uncursed worthless pieces of violet glass
  p - an uncursed worthless piece of white glass
  Y - an uncursed worthless piece of yellow glass
  Z - an uncursed worthless piece of yellowish brown glass

Contents of the sack named heatres:
  3028 gold pieces
  a +0 pick-axe

DiePARTEI the Tourist's attributes:

Background:
 You were an Excursionist, a level 6 male human Tourist.
 You were neutral, on a mission for The Lady
 who was opposed by Blind Io (lawful) and Offler (chaotic).
 You were right-handed.
 You were in the Gnomish Mines, on level 8.
 You entered the dungeon 2874 turns ago.
 You had 439 experience points, 201 more were needed to attain level 7.

Basics:
 You had 0 out of 61 hit points.
 You had all 23 energy points (spell power).
 Your armor class was 2.
 Your wallet contained 37 zorkmids, and
 you had 3028 more stashed away in your pack.
 Autopickup was off.

Final Characteristics:
 Your strength was 10 (limit:18/100).
 Your dexterity was 11 (limit:18).
 Your constitution was 17 (limit:18).
 Your intelligence was 13 (limit:18).
 Your wisdom was 12 (limit:18).
 Your charisma was 16 (limit:18).

Final Status:
 You weren't hungry.
 You were burdened; movement was slightly slowed.
 You were bare handed.
 You were unskilled in bare handed combat and could have enhanced that.

Final Attributes:
 You were stridently aligned.
 You were fire resistant.
 Your items were somewhat protected from fire.
 Your items were somewhat protected from cold.
 You were warded.
 You were very fast.
 You were unlucky.
 You are dead.

Miscellaneous:
 You didn't encounter any bones levels.
 Total elapsed playing time was 27 minutes and 5 seconds.

Major events:
 Turn
    1: DiePARTEI the neutral male human Tourist entered the dungeon
  828: attained the rank of Sightseer (level 3)
  956: entered the Gnomish Mines
 2712: attained the rank of Excursionist (level 6)
 2737: reached Mine Town
 2874: killed by a gnome king, while praying

You didn't know any spells.

Skills:
 Fighting Skills
   bare handed combat [Unskilled]
   two weapon combat  [Unskilled]
   riding             [Unskilled]
 Weapon Skills
   dagger             [Unskilled]
   knife              [Unskilled]
   axe                [Unskilled]
   pick-axe           [Unskilled]
   short sword        [Unskilled]
   broadsword         [Unskilled]
   long sword         [Unskilled]
   two-handed sword   [Unskilled]
   saber              [Unskilled]
   mace               [Unskilled]
   morning star       [Unskilled]
   flail              [Unskilled]
   hammer             [Unskilled]
   quarterstaff       [Unskilled]
   polearms           [Unskilled]
   spear              [Unskilled]
   trident            [Unskilled]
   lance              [Unskilled]
   bow                [Unskilled]
   sling              [Unskilled]
   crossbow           [Unskilled]
   dart               [Basic]
   shuriken           [Unskilled]
   boomerang          [Unskilled]
   whip               [Unskilled]
   unicorn horn       [Unskilled]
 Spellcasting Skills
   divination spells  [Unskilled]
   enchantment spells [Unskilled]
   escape spells      [Unskilled]

Voluntary challenges:
 Character rerolling was not enabled.
 You never genocided any monsters.
 You never polymorphed an object.
 You never changed form.
 You used no wishes.
Achievements:
 You attained the rank of Sightseer.
 You entered a shop.
 You entered the Gnomish Mines.
 You attained the rank of Excursionist.
 You entered Minetown.

 The Dungeons of Doom: levels 1 to 4
    Level 1:
    Level 2:
    Level 3:
       Some fountains.
    Level 4:
       A general store, a sink.
       Stairs down to The Gnomish Mines.
 The Gnomish Mines: levels 5 to 8
    Level 5:
    Level 6:
    Level 7:
    Level 8: <- You were here.
       Some shops, a fountain.
       Final resting place for
          you, killed by a gnome king, while praying.


Vanquished creatures:
  a watchman
  a dust vortex
  2 gnome leaders
  3 gnomish wizards
  2 giant ants
  a kitten
  4 dwarves
  a giant bat
  2 iguanas
 an acid blob
  a gas spore
  a hobbit
  a brown mold
 17 gnomes
  2 geckos
  2 jackals
  a kobold
  2 goblins
  a sewer rat
  2 grid bugs
  3 kobold zombies
  4 newts
55 creatures vanquished.

No species were genocided or became extinct.

Game over:
                       ----------
                      /          \
                     /    REST    \
                    /      IN      \
                   /     PEACE      \
                  /                  \
                  |    DiePARTEI     |
                  |     3065 Au      |
                  |   killed by a    |
                  |    gnome king    |
                  |                  |
                  |                  |
                  |       2026       |
                 *|     *  *  *      | *
        _________)/\\_//(\/(/\)/\//\/|_)_______

Aloha DiePARTEI the Tourist...

You died in The Gnomish Mines on dungeon level 8 with 4478 points,
and 3065 pieces of gold, after 2874 moves.
You were level 6 with a maximum of 61 hit points when you died.

